 Dungeon Crawl Stone Soup version 0.26-a0-667-g92642533e4 (webtiles) character file.

Game seed: 8576453089341623417

474 lunkers the Chopper (level 7, -1/49 HPs)
             Began as an Octopode Fighter on Oct 16, 2020.
             Slain by a lemure (8 damage)
             ... led by Pikel
             ... on level 4 of the Dungeon.
             The game lasted 00:03:46 (3350 turns).

lunkers the Chopper (Octopode Fighter)              Turns: 3350, Time: 00:03:47

Health: -1/49      AC:  1    Str: 15    XL:     7   Next: 10%
Magic:  7/7        EV: 12    Int: 11    God:
Gold:   128        SH:  9    Dex: 13    Spells: 6/6 levels left

rFire    . . .     SeeInvis .   a - +0 war axe
rCold    . . .     Faith    .   b - +0 kite shield
rNeg     . . .     Spirit   .   (helmet restricted)
rPois    .         Reflect  .   (no amulet)
rElec    .         Harm     .   (no ring)
rCorr    .         Rampage  .   (no ring)
MR       .....                  (no ring)
Stlth    ++........             (no ring)
HPRegen  0.16/turn              (no ring)
MPRegen  0.10/turn              (no ring)
                                (no ring)
                                (no ring)

@: mighty, lethally poisoned (-1 -> -2)
A: almost no armour, stealthy swim, amphibious, 8 rings, constrict 8, camouflage
1, gelatinous body 1
a: no special abilities


You were on level 4 of the Dungeon.
You visited 1 branch of the dungeon, and saw 4 of its levels.

You collected 128 gold pieces.

Inventory:

Hand Weapons
 a - a +0 war axe (weapon)
Missiles
 f - 6 atropa-tipped darts {=f}
 j - 10 poisoned darts (quivered)
Armour
 b - a +0 kite shield (worn)
Scrolls
 g - a scroll of noise {unknown}
 h - a scroll of identify {unknown}
 i - 4 scrolls of remove curse {unknown}
 m - 2 scrolls of teleportation {unknown}
 o - a scroll of magic mapping {unknown}
Potions
 d - a potion of mutation {unknown}
 e - 2 potions of haste {unknown}
 k - 2 potions of lignification {unknown}
 l - 3 potions of curing {unknown}
 n - 3 potions of heal wounds {unknown}
 p - a potion of stabbing {unknown}


   Skills:
 + Level 4.6 Fighting
 * Level 5.4 Axes
 - Level 3.0 Dodging
 + Level 4.6 Shields


You had 6 spell levels left.
You didn't know any spells.
Your spell library contained the following spells:

 Spells                   Type           Power        Failure   Level
 Sandblast                Erth           #.....       80%         1
 Passwall                 Tmut/Erth      #.......     90%         2
 Stone Arrow              Conj/Erth      #.....       99%         3
 Petrify                  Tmut/Erth      #.......     100%        4
 Lee's Rapid Deconstruct  Erth           #.........   100%        5


Dungeon Overview and Level Annotations

Branches:
Dungeon (4/15)
 Temple: D:4-7

Altars:
Cheibriados
Nemelex Xobeh
Xom

Annotations:
D:4 2 transporters, Aarinfel's ghost, amateur GnDe; Pikel


Innate Abilities, Weirdness & Mutations

You cannot wear most types of armour.
You are very stealthy in the water. (Stealth+)
You are amphibious.
You can wear up to eight rings at the same time.
You can use your tentacles to constrict eight enemies at once.
Your skin changes colour to match your surroundings (Stealth+).
Your rubbery body absorbs attacks. (AC +1, EV +1)


Message History

You miss the adder. You grab the adder. You constrict the adder.
The adder bites you but does no damage. You block the adder's attack.
Unknown command.
You barely miss the adder. You squeeze the adder!
You kill the adder!
You feel sick. The adder barely misses you.
Unknown command.
You miss the adder. You grab the adder. You squeeze the adder!
You kill the adder!
Pikel zaps a wand.
You resist with some effort.
Unknown command.
You slash the lemure!
You kill the lemure!
That felt strangely unrewarding.
You feel sick.
Unknown command.
You barely miss the lemure. You grab the lemure. You squeeze the lemure!
The lemure is heavily wounded.
You constrict the lemure, but do no damage.
You block the lemure's attack. The lemure hits you!
You die...

#.≈≈## #.≈≈.. ##.≈≈.#
######### #..≈≈.#
#.......# #..≈≈.#
#.......## #..≈≈..
#.....K..########..≈≈.©
######5#.#.........≈≈..
#@#.†h........≈≈.#
#.###5........≈≈.# ..#
#5......>.≈≈.# ...#
##SS.####.≈≈.. #...#
#.o.K. #.≈≈## #...#
#.#.#..#.≈≈#. #....
..#.#....≈≈## #....
###.# ...≈≈ ....≈≈


You could see Pikel and a lemure.

Vanquished Creatures
  Sigmund (D:2)
  A lemure (D:4)
  3 orc wizards (D:3)
  2 iguanas (D:4)
  Natasha (twice) (D:3)
  4 adders
  A white imp (D:2)
  An ufetubus (D:3)
  2 worms
  3 dart slugs
  2 leopard geckos
  7 orcs (D:3)
  5 bats
  3 giant cockroaches (D:1)
  6 goblins
  6 hobgoblins
  6 jackals
  3 quokkas
  A ball python (D:3)
  A frilled lizard (D:2)
  4 kobolds
  9 rats
73 creatures vanquished.

Notes
Turn   | Place    | Note
-------+----------+-------------------------------------------
     0 | D:1      | lunkers the Octopode Fighter began the quest for the Orb.
     0 | D:1      | Reached XP level 1. HP: 16/16 MP: 1/1
     3 | D:1      | Noticed an electric eel
     3 | D:1      | Noticed an electric eel
   317 | D:1      | Reached XP level 2. HP: 21/21 MP: 2/2
   609 | D:1      | Found a shimmering altar of Xom.
  1014 | D:2      | Reached XP level 3. HP: 26/26 MP: 3/3
  1356 | D:2      | Reached skill level 3 in Axes
  1388 | D:2      | Found a sparkling altar of Nemelex Xobeh.
  1494 | D:2      | Noticed Sigmund
  1501 | D:2      | Killed Sigmund
  1501 | D:2      | Reached skill level 4 in Axes
  1501 | D:2      | Reached XP level 4. HP: 19/33 MP: 4/4
  1501 | D:2      | Reached XP level 5. HP: 21/37 MP: 5/5
  2109 | D:3      | Found a snail-covered altar of Cheibriados.
  2210 | D:3      | Reached XP level 6. HP: 40/43 MP: 6/6
  2645 | D:3      | Noticed Natasha
  2649 | D:3      | Killed Natasha
  2649 | D:3      | Reached skill level 5 in Axes
  2937 | D:3      | Noticed Natasha
  2946 | D:3      | Killed Natasha
  2963 | D:4      | Found a transporter.
  3266 | D:4      | Noticed Aarinfel's ghost (amateur GnDe)
  3309 | D:4      | Found a transporter.
  3332 | D:4      | Noticed Pikel
  3338 | D:4      | Reached XP level 7. HP: 10/49 MP: 7/7
  3350 | D:4      | Slain by a lemure

Illustrated notes

Levels and vault maps discovered:
D:1:      arrival_aquarium_b, layout_basic, st_stairs_4, xom_teletrap_fun
D:2:      minmay_wonky_spiral, layout_rooms, lemuel_round_altar, uniq_sigmund
D:3:      layout_loops_corners, lemuel_doored_altar, uniq_natasha
D:4:      layout_rooms, minmay_temple_entry_waves,
          gammafunk_ghost_gnarly_gnolls, chequers_ossuary_entry_cave, uniq_pikel

Skill      XL: |  1  2  3  4  5  6 |
---------------+-------------------+-----
Axes           | 4 5 |  5.4
Fighting       | 4 |  4.6
Shields        | 4 |  4.6
Dodging        | |  3.0

Action                   |  1- 3 |  4- 6 |  7- 9 || total
-------------------------+-------+-------+-------++-------
Melee: War axe           |    42 |    95 |    10 ||   147
       Tentacles         |    10 |    19 |     3 ||    32
       Constrict         |     9 |    26 |     3 ||    38
Throw: Dart              |     7 |    32 |       ||    39
  Use: Potion            |     1 |       |     1 ||     2
 Stab: Sleeping          |     1 |     4 |       ||     5
Armor: Skin              |     5 |     8 |     4 ||    17
Dodge: Dodged            |    15 |    32 |     3 ||    50
Block: Kite shield       |    15 |    38 |     9 ||    62

Table legend: (Time is in decaauts)
 A = Elapsed time spent in this place.
 B = Non-inter-level travel time spent in this place.
 C = Inter-level travel time spent in this place.
 D = Time resting spent in this place.
 E = Time spent auto-exploring this place.
 F = Levels seen in this place.
 G = Mean time per level.
                   A        B        C        D        E       F      G
               +--------+--------+--------+--------+--------+-----+--------+
         Total |   3418 |   3336 |     82 |    157 |   2700 |   4 |  854.5 |
       Dungeon |   3418 |   3336 |     82 |    157 |   2700 |   4 |  854.5 |
               +--------+--------+--------+--------+--------+-----+--------+

Top non-repeatable levels by time:
     D:3: 1039 daAuts
     D:2: 1035 daAuts
     D:1: 950 daAuts
     D:4: 394 daAuts
